 Dungeon Crawl Stone Soup version 0.23-a0-586-gacb4b3f (webtiles) character file.

139 silenth the Gusty (level 5, -7/28 HPs)
             Began as a Tengu Air Elementalist on Dec 20, 2018.
             Mangled by Natasha (9 damage)
             ... on level 2 of the Dungeon.
             The game lasted 00:05:02 (1912 turns).

silenth the Gusty (Tengu Air Elementalist)          Turns: 1912, Time: 00:05:02

Health: -7/28      AC:  2    Str:  8    XL:     5   Next: 22%
Magic:  9/10       EV: 13    Int: 19    God:
Gold:   69         SH:  0    Dex: 15    Spells: 4/10 levels left

rFire    . . .     SeeInvis .   r - +0 long sword
rCold    . . .     Gourm    .   (no shield)
rNeg     . . .     Faith    .   a - +0 robe
rPois    .         Spirit   .   (helmet restricted)
rElec    .         Reflect  .   (no cloak)
rCorr    .         Harm     .   (no gloves)
MR       .....                  (boots unavailable)
Stlth    ++........             l - amulet of magic regeneration
HPRegen  0.09/turn              k - +3 ring of intelligence
MPRegen  0.37/turn              (no ring)

@: no status effects
A: beak, talons 3, able to fly 1
a: Fly


You were on level 2 of the Dungeon.
You were not hungry.

You visited 1 branch of the dungeon, and saw 2 of its levels.

You collected 69 gold pieces.

Inventory:

Hand Weapons
 b - a +0 spear
 r - a +0 long sword (weapon)
Armour
 a - a +0 robe (worn)
Jewellery
 k - a +3 ring of intelligence (left hand)
 l - an amulet of magic regeneration (around neck)
Scrolls
 c - a scroll of blinking {unknown}
 f - a scroll of enchant armour {unknown}
 h - a scroll of identify
 i - a scroll of magic mapping {unknown}
 j - 2 scrolls of remove curse {unknown}
 n - a scroll of teleportation {unknown}
 o - a scroll of fog {unknown}
Potions
 d - a potion of haste {unknown}
 g - a potion of ambrosia {unknown}
 m - a potion of flight {unknown}
 p - a potion of magic
 s - a potion of might {unknown}
Comestibles
 e - a ration


   Skills:
 - Level 2.1 Dodging
 - Level 2.0 Stealth
 + Level 3.2 Spellcasting
 + Level 3.8 Conjurations
 + Level 5.4 Air Magic


You had 4 spell levels left.
You knew the following spells:

 Your Spells              Type           Power        Failure   Level  Hunger
a - Shock                 Conj/Air       ###.         2%          1    None
b - Swiftness             Chrm/Air       ##......     8%          2    ##.....
c - Static Discharge      Conj/Air       ###.....     7%          3    ###....

Your spell library contained the following spells:

 Spells                   Type           Power        Failure   Level  Hunger
 Airstrike                Air            ###.......   16%         4    ####...
 Lightning Bolt           Conj/Air       ###.......   52%         5    ######.


Dungeon Overview and Level Annotations

Branches:
Dungeon (2/15)

Altars:

Annotations:
D:2 Natasha


Innate Abilities, Weirdness & Mutations

You have a beak for a mouth.
You have claws for feet.
You can fly.


Message History

Confirm with . or Enter, or press ? or * to list all spells.
Aiming: Shock (safe; 2% risk of failure)
Press: ? - help, Shift-Dir - straight line, f/p - Natasha
Aim: Natasha (lightly wounded)
The zap hits Natasha.
Natasha is lightly wounded.
Natasha claws you.
* * * LOW HITPOINT WARNING * * *
The iron imp spits at you. The iron imp barely misses you.
You riposte.
You closely miss the iron imp.
You peck the iron imp, but do no damage.
The orc wizard shouts!
Natasha barely misses you.
The orc wizard points at you and mumbles some strange words.
The magic dart hits you!
* * * LOW HITPOINT WARNING * * *
Natasha casts a spell.
There is a stone staircase leading up here.
Natasha claws you!
You die...

#######.......# #####.##
#[....### #....... #####.#
#.###.## #.# ##.## #.# #...
#.##.# #...# #.###... #....#
#...# ###....... #.##.####
#...######.......#. S##.......#
#).........#.##.... ..
...##.#####.@..####..#..#.###
###.##)##.......h........#..#.#
.......[.......5.....)......#.#
###..####....)..5....o........#
#.. #.#####...............###
#.. ...# #...######.##.#....
... ##### #...# #.##.#..## ##.%
#.).# #.##.#..# #.. #...#
#.##.#..#


You could see an iron imp, an orc wizard, Natasha and a white imp.

Vanquished Creatures
  Natasha (D:2)
  An orc wizard (D:2)
  3 adders (D:2)
  2 oozes (D:2)
  2 dart slugs (D:1)
  2 orcs (D:2)
  2 giant cockroaches
  5 goblins
  5 hobgoblins
  4 jackals (D:1)
  5 kobolds
  A quokka (D:2)
  A ball python (D:1)
  6 bats
  3 frilled lizards
  5 rats
48 creatures vanquished.

Notes
Turn   | Place    | Note
-------+----------+-------------------------------------------
     0 | D:1      | silenth the Tengu Air Elementalist began the quest for the
                  | Orb.
     0 | D:1      | Reached XP level 1. HP: 10/10 MP: 4/4
   188 | D:1      | Reached XP level 2. HP: 15/15 MP: 3/6
   190 | D:1      | Reached skill level 2 in Conjurations
   195 | D:1      | Learned a level 2 spell: Swiftness
   629 | D:1      | Reached XP level 3. HP: 17/19 MP: 7/7
   634 | D:1      | Learned a level 3 spell: Static Discharge
  1314 | D:2      | Noticed Natasha
  1319 | D:2      | Killed Natasha
  1319 | D:2      | Reached skill level 3 in Conjurations
  1319 | D:2      | Reached skill level 5 in Air Magic
  1319 | D:2      | Reached XP level 4. HP: 24/24 MP: 7/9
  1485 | D:2      | Reached skill level 3 in Spellcasting
  1551 | D:2      | Gained mutation: You can fly. [Tengu growth]
  1551 | D:2      | Reached XP level 5. HP: 17/28 MP: 3/10
  1891 | D:2      | Noticed Natasha
  1909 | D:2      | HP: 2/28 [orc wizard/magic dart (3)]
  1912 | D:2      | Mangled by Natasha

Vault maps used:
D:1:      wander_arrival_abandoned_jail, eino_curves_03, minmay_hexomino_u4
D:2:      first_ration, uniq_natasha

Skill      XL: |  1  2  3  4 |
---------------+-------------+-----
Conjurations   | 2 3 |  3.8
Air Magic      | 5 |  5.4
Spellcasting   | 3 |  3.2
Dodging        | |  2.1
Stealth        | |  2.0

Action                   |  1- 3 |  4- 6 || total
-------------------------+-------+-------++-------
Melee: Unarmed           |     3 |       ||     3
       Spear             |    36 |       ||    36
       Kick              |     6 |     5 ||    11
       Peck              |     5 |     5 ||    10
       Long sword        |     2 |    19 ||    21
 Cast: Shock             |    32 |    10 ||    42
       Static Discharge  |       |     4 ||     4
  Use: Scroll            |     2 |       ||     2
 Stab: Sleeping          |     2 |     2 ||     4
  Eat: Chunk             |     2 |     1 ||     3
       Ration            |       |     1 ||     1
Armor: Robe              |     7 |     2 ||     9
Dodge: Dodged            |    20 |    20 ||    40
       Rpst.: Long sword |       |     7 ||     7

Table legend:
 A = Non-vault XP
 B = Vault XP
 C = Vault XP percentage of total XP
 D = Non-vault monster count
 E = Vault monster count
 F = Vault count percentage of total count
                 A         B        C        D         E       F
            +---------+---------+-------+---------+---------+-------
      Total |     156 |      43 |  21.6 |      44 |       4 |   8.3
            +---------+---------+-------+---------+---------+-------
        D:1 |      38 |       8 |  17.4 |      22 |       3 |  12.0
        D:2 |     118 |      35 |  22.9 |      22 |       1 |   4.3
            +---------+---------+-------+---------+---------+-------
